Map: Ulrena

Players

pupu - Winner!

  • Race: Protoss Protoss
  • League: Silver

xBlooding

  • Race: Zerg Zerg
  • League: Silver

VOD

Have the link to the VOD?

Description

Time

  • Played on: April 1, 2016, 3:55 p.m.
  • Length: 12:21
Show
View Real Time Build Order
Export as new Build Order

pupu Protoss - Winner!

Build Orders:  

Get SALT Encoding   

  12  0:01  Probe (Chrono Boost)  
  13  0:12  Probe (Chrono Boost)  
  14  0:19  Pylon  
  14  0:24  Probe (Chrono Boost)  
  15  0:38  Probe (Chrono Boost)  
  15  0:40  Gateway  
  16  0:48  Probe (Chrono Boost)  
  17  0:50  Assimilator  
  17  0:59  Probe (Chrono Boost)  
  18  1:12  Probe (Chrono Boost)  
  18  1:13  Forge  
  18  1:15  Assimilator  
  19  1:31  Cybernetics Core, Probe (Chrono Boost)  
  20  1:36  Zealot  
  22  1:46  Pylon  
  23  1:47  Probe (Chrono Boost)  
  23  1:58  Photon Cannon  
  23  2:07  Warp Gate (Chrono Boost)  
  23  2:10  Adept  
  23  2:13  Probe  
  26  2:26  Mothership Core  
  26  2:47  Probe, Adept  
  29  2:59  Probe  
  30  3:11  Probe  
  30  3:12  Pylon  
  31  3:19  Nexus  
  31  3:30  Probe, Adept  
  34  3:39  Pylon  
  34  3:43  Probe  
  35  3:52  Gateway  
  35  3:55  Probe  
  36  4:08  Adept  
  38  4:16  Probe  
  39  4:23  Pylon  
  39  4:27  Photon Cannon  
  39  4:28  Probe  
  40  4:34  Adept  
  42  4:52  Probe  
  42  4:54  Probe  
  42  4:59  Photon Cannon  
  44  5:01  Gateway  
  44  5:05  Gateway  
  44  5:06  Probe  
  39  5:39  Adept x2  
  39  5:44  Gateway  
  39  5:48  Pylon  
  37  5:50  Pylon  
  37  5:51  Protoss Ground Weapons Level 1 (Chrono Boost)  
  37  6:08  Probe, Twilight Council  
  37  6:10  Probe  
  37  6:11  Pylon  
  39  6:13  Stalker x3, Pylon  
  45  6:26  Adept  
  45  6:31  Probe  
  45  6:32  Probe  
  49  6:37  Assimilator  
  49  6:44  Probe  
  49  6:45  Robotics Facility  
  49  6:46  Gateway  
  50  6:47  Resonating Glaives (Chrono Boost), Gateway  
  50  6:51  Probe  
  51  6:56  Probe, Sentry x3  
  58  7:07  Adept  
  58  7:08  Adept  
  62  7:14  Probe x2  
  64  7:20  Assimilator  
  64  7:24  Pylon  
  64  7:27  Probe x2, Adept  
  64  7:28  Pylon  
  68  7:30  Adept  
  68  7:36  Sentry  
  72  7:46  Probe x2  
  74  7:54  Nexus  
  74  7:58  Probe x2  
  75  8:05  Adept x3  
  82  8:11  Probe x2  
  84  8:17  Protoss Ground Armor Level 1  
  84  8:22  Adept x2  
  88  8:35  Charge (Chrono Boost)  
  88  8:36  Probe x2  
  90  8:45  Pylon  
  90  8:49  Pylon  
  90  8:51  Probe x2  
  90  8:52  Pylon  
  92  8:55  Pylon, Adept  
  94  9:03  Probe  
  94  9:16  Adept  
  96  9:17  Adept x5  
  62  10:10  Adept x6  
  62  10:11  Adept  
  76  10:15  Probe x2  
  76  10:21  Gateway  
  76  10:27  Probe  
  69  10:42  Adept x3  
  75  10:43  Adept x3  
  75  10:44  Adept  
  83  10:54  Probe x2  
  85  11:05  Probe, Gateway  
  85  11:06  Probe x2, Gateway  
  88  11:11  Adept x2  
  88  11:12  Adept x5  
  88  11:16  Probe  
  104  11:18  Probe x2  
  105  11:30  Probe  
  102  11:49  Adept  
  102  11:50  Adept x5  
  102  11:51  Adept  
  112  11:54  Pylon  
  108  12:15  Adept x4  
  112  12:16  Adept x3  
Show
View Real Time Build Order
Export as new Build Order

xBlooding Zerg 

Build Orders: Pool First 

Get SALT Encoding   

  12  0:01  Drone  
  13  0:13  Overlord  
  13  0:18  Drone  
  14  0:35  Spawning Pool  
  13  0:41  Drone  
  13  0:42  Drone  
  15  0:47  Extractor  
  14  1:01  Overlord  
  14  1:07  Drone  
  14  1:08  Drone  
  16  1:23  Zergling x2  
  17  1:42  Zergling x2  
  17  1:43  Zergling x2  
  19  1:54  Queen  
  19  1:59  Hatchery  
  20  2:06  Zergling x4  
  22  2:09  Metabolic Boost  
  22  2:21  Zergling x4  
  21  2:46  Zergling x4  
  21  2:49  Queen  
  25  3:01  Zergling x2  
  25  3:04  Overlord  
  26  3:15  Queen  
  26  3:16  Drone  
  29  3:38  Drone x2  
  32  3:41  Zergling x8  
  32  3:45  Drone  
  32  3:46  Drone  
  32  3:48  Drone  
  38  4:06  Drone x2  
  38  4:08  Drone x3  
  32  4:46  Zergling x2  
  32  4:47  Zergling x4  
  32  4:51  Zergling x2  
  32  4:52  Zergling x10  
  41  5:05  Spine Crawler  
  35  5:44  Zergling x2  
  35  5:45  Zergling x10  
  35  5:48  Zergling x2  
  35  5:49  Zergling x2  
  43  5:50  Overlord x2  
  43  5:51  Overlord x2  
  43  6:12  Evolution Chamber  
  43  6:15  Evolution Chamber  
  41  6:26  Zergling x2  
  41  6:27  Zergling x8  
  41  6:30  Zergling x2  
  41  6:31  Zergling x8  
  51  6:39  Zerg Melee Weapons Level 1  
  51  6:41  Zerg Ground Armor Level 1  
  51  6:45  Lair  
  51  6:57  Spore Crawler  
  50  7:02  Spine Crawler  
  50  7:04  Zergling x2  
  50  7:05  Zergling x8  
  50  7:08  Zergling x6  
  55  7:09  Zergling x6  
  60  7:44  Zergling x2  
  60  7:45  Zergling x10  
  60  7:47  Overlord  
  60  7:48  Overlord  
  60  7:49  Zergling x4  
  60  7:50  Overlord  
  68  8:06  Hatchery  
  67  8:23  Zergling x2  
  67  8:24  Zergling x10  
  73  8:33  Zergling x14  
  80  8:37  Zerg Melee Weapons Level 2  
  80  8:39  Zerg Ground Armor Level 2  
  79  9:23  Overlord  
  79  9:24  Overlord  
  79  9:25  Zergling x6  
  79  9:27  Zergling x2  
  79  9:28  Zergling x8  
  47  10:15  Zergling x8  
  23  10:44  Queen  
  23  10:49  Zergling x2  
  25  10:50  Zergling x6  
  26  11:01  Spine Crawler  
  26  11:03  Spine Crawler  
  24  11:10  Spine Crawler  
  23  11:13  Spine Crawler  
  22  11:19  Queen  
  22  11:21  Zergling x2  
  22  11:22  Zergling x4  
  22  11:24  Zergling x2  
  22  11:25  Zergling x16  
Tags
 
Add a new tag
Caveats
  • Supply blocks, unpowered buildings, or Contaminate may cause inaccurate times.
  • Supply counts are checked every 10 seconds.